 Dungeon Crawl Stone Soup version 0.30.1-3-gfc49f6343a (webtiles) character file.

Game seed: 9610533132544897100

50016 spardeous the Destroyer (level 13, 0/104 HPs)
             Began as a Demigod Conjurer on July 29, 2023.
             Slain by a two-headed ogre
             ... wielding a +0 giant spiked club
              (13 damage)
             ... while paralysed by an orc sorcerer
             ... on level 1 of the Orcish Mines.
             The game lasted 00:54:41 (25056 turns).

spardeous the Destroyer (Demigod Conjurer)         Turns: 25056, Time: 00:54:42

Health: 0/104      AC: 18    Str: 15    XL:     13   Next: 83%
Magic:  15/40      EV:  2    Int: 32    God:
Gold:   1120       SH:  0    Dex: 12    Spells: 22/32 levels left

rFire   . . .        n - staff of conjuration "Holuomuapp" {rPois MP+9 Str+3}
rCold   . . .        V - +0 buckler {AC+3}
rNeg    . . .        R - +0 steam dragon scales
rPois   +            C - +0 helmet
rElec   .            p - +0 cloak
rCorr   .            U - +2 pair of gloves
SInv    .            G - +0 pair of boots
Will    +....        K - amulet of the acrobat
Stlth   ++           P - +5 ring of evasion
HPRegen 0.37/turn    A - +5 ring of evasion
MPRegen 0.27/turn

%: acrobat
@: paralysed
A: high MP 1, forlorn, divine attributes, claws 1, hooves 1
a: no special abilities


You were on level 1 of the Orcish Mines.
You visited 3 branches of the dungeon, and saw 18 of its levels.
You also visited: Sewer and Ossuary.

You collected 1120 gold pieces.

Inventory:

Hand Weapons
 Z - the +5 dagger of a sewer {heavy, rElec}
   (You found it on level 12 of the Dungeon)

   rElec:     It insulates you from electricity.
Armour
 l - an orb of energy
 p - a +0 cloak (worn)
 v - a +0 kite shield
 C - a +0 helmet (worn)
 G - a +0 pair of boots (worn)
 R - +0 steam dragon scales (worn)
 U - a +2 pair of gloves (worn)
 V - a +0 buckler of protection (worn)
Magical Staves
 n - the staff of conjuration "Holuomuapp" (weapon) {rPois MP+9 Str+3}
   (You acquired it on level 5 of the Dungeon)

   [staff of conjuration]

   Base accuracy: +5 Base damage: 5 Base attack delay: 1.2 This weapon's minimum
   attack delay (0.6) is reached at skill level 12.
   Str:       It affects your strength (+3).
   rPois:     It protects you from poison.
   MP:        It affects your magic capacity (+9).
   It falls into the 'Staves' category.
   It is a one-handed weapon.
Jewellery
 a - a ring of positive energy
 h - a ring of fire
 A - a +5 ring of evasion (right hand)
 H - a ring of flight
 K - an amulet of the acrobat (around neck)
 N - a ring of protection from fire
 P - a +5 ring of evasion (left hand)
Wands
 I - a wand of mindburst (21)
 M - a wand of flame (37)
 W - a wand of charming (13)
Scrolls
 c - 13 scrolls of teleportation
 d - 5 scrolls of fear {unknown}
 g - 4 scrolls of enchant weapon {unknown}
 i - 2 scrolls of enchant armour
 j - 3 scrolls of immolation {unknown}
 k - 5 scrolls of fog
 m - 5 scrolls of magic mapping {unknown}
 o - 2 scrolls of amnesia
 u - 2 scrolls of blinking
 y - 2 scrolls of brand weapon
 O - 3 scrolls of butterflies {unknown}
 T - a scroll of silence
 X - 2 scrolls of poison
Potions
 b - 3 potions of magic
 e - 5 potions of lignification {unknown}
 f - 7 potions of heal wounds
 q - 4 potions of attraction {unknown}
 r - 4 potions of brilliance {unknown}
 x - 2 potions of ambrosia
 z - 4 potions of might {unknown}
 D - 17 potions of curing {unknown}
 E - 3 potions of flight
 F - 2 potions of mutation
 J - 2 potions of cancellation {unknown}
 Q - 2 potions of invisibility
 S - 5 potions of degeneration {unknown}
 Y - 2 potions of haste


   Skills:
 - Level 6.7 Fighting
 + Level 10.0 Armour
 - Level 1.7 Dodging
 - Level 1.7 Stealth
 - Level 7.0 Shields
 - Level 10.2 Spellcasting
 - Level 10.3 Conjurations
 - Level 10.0 Translocations
 - Level 6.1 Transmutations


You had 22 spell levels left.
You knew the following spells:

 Your Spells              Type           Power      Damage    Failure   Level
a - Magic Dart            Conj           100%       1d8       1%          1
b - Searing Ray           Conj           100%       2d8       1%          2
c - Iskenderun's Mystic   Conj/Tloc      89%        2d17      1%          4
d - Ignite Poison         Fire/Tmut/Pois 29%        N/A       4%          3

Your spell library contained the following spells:

 Spells                   Type           Power      Damage    Failure   Level
 Apportation              Tloc           100%       N/A       1%          1
 Foxfire                  Conj/Fire      100%       2x1d9     1%          1
 Dazzling Flash           Conj/Hex       100%       N/A       1%          3
 Iskenderun's Battlesphe  Conj           89%        2d14      1%          5
 Fulminant Prism          Conj/Hex       32%        3d16      4%          4
 Sticky Flame             Conj/Fire      65%        2d8       4%          4
 Ice Form                 Ice/Tmut       36%        N/A       11%         4
 Frozen Ramparts          Ice            32%        1d5       12%         3
 Fireball                 Conj/Fire      32%        3d14      13%         5
 Alistair's Intoxication  Tmut/Pois      24%        N/A       30%         5
 Summon Ice Beast         Ice/Summ       16%        N/A       36%         4
 Orb of Destruction       Conj           44%        9d12      43%         7
 Conjure Ball Lightning   Conj/Air       32%        3x3d10    56%         6
 Starburst                Conj/Fire      32%        6d10      56%         6
 Plasma Beam              Fire/Air       8%         2x1d20    99%         6
 Malign Gateway           Summ/Tloc      24%        N/A       99%         7
 Ignition                 Fire           8%         3d5       100%        8
 Summon Horrible Things   Summ           8%         N/A       100%        8


Dungeon Overview and Level Annotations

Branches:
Dungeon (12/15)            Temple (0/1) D:4            Lair (5/5) D:11
  Swamp (0/4) Lair:2       Spider (0/4) Lair:3        Slime (0/5) Lair:4
    Orc (1/2) D:12          Sewer (visited)         Ossuary (visited)

Shops:
D:9 :

Portals:
Trove: D:10 (give 6 scrolls of fear)


Innate Abilities, Weirdness & Mutations

You have an increased reservoir of magic. (+10% MP)
You shall have no god before yourself.
Your divine heritage dramatically boosts your attributes as you level up.
You have sharp fingernails.
You have large cloven feet.


Message History

Unknown command.
Found a stone staircase leading down.
The orc sorcerer casts a spell at you.
You easily resist.
The orc wizard mumbles some strange words.
The orc wizard flickers and vanishes!
Deactivating autopickup; reactivate with Ctrl-A.
The orc knight unwields a +0 arbalest.
The orc knight wields a +0 great sword.
The orc knight hits you with a +0 great sword.
You hear a shout!
You take 2 damage, and have 78/104 hp.
You closely miss the orc knight.
The orc knight is severely wounded.
You hear a shout!
The orc sorcerer points at you and mumbles some strange words.
You suddenly lose the ability to move!
The two-headed ogre hits you with a +0 giant spiked club!
The two-headed ogre hits you with a +0 giant club!
The ogre hits you with a +0 giant spiked club.
* * * LOW HITPOINT WARNING * * *
The orc warrior hits you with a +0 battleaxe!
* * * LOW HITPOINT WARNING * * *
An orc wizard comes into view. It is wielding a +0 dagger.
The orc knight hits you with a +0 great sword.
* * * LOW HITPOINT WARNING * * *
The orc wizard no longer looks unusually strong.
The orc sorcerer gestures at you while chanting.
You shrug off the repeated paralysis!
The orc warrior hits you with a +0 battleaxe.
* * * LOW HITPOINT WARNING * * *
The orc wizard casts a spell.
The orc wizard flickers and vanishes!
The orc warrior suddenly roars, in orcish tradition.
You hear a shout!
You feel less confused.
The orc warrior no longer looks unusually strong.
The ogre hits you with a +0 giant spiked club!!
* * * LOW HITPOINT WARNING * * *
The two-headed ogre hits you with a +0 giant spiked club!
You die...

###.# ##...#
###....#
.#......# .
........# ..
........## o#
......o..####o{.
....{.O@o..ooo..
....o.O.o..##..
.....)ooo<##
........))#
>.......)...
..........#.$.
.....#$.........
..........#.....
........#.$....


You could see 2 orc knights, a two-headed ogre, an orc sorcerer, 4 orc warriors,
an ogre, an orc wizard and 3 orcs.

Vanquished Creatures
  A fire dragon (Lair:5)
  A two-headed ogre (D:11)
  A hydra (Lair:4)
  2 boulder beetles (D:12)
  A catoblepas (Lair:5)
  10 death yaks
  Urug (Lair:4)
  A deep troll shaman (Lair:5)
  A lindwurm (Lair:5)
  An ugly thing (D:11)
  A deep elf zephyrmancer (Orc:1)
  2 cyclopes (D:12)
  20 elephants
  2 gargoyles
  9 cane toads
  3 black mambas
  A torpor snail (Lair:1)
  2 unseen horrors (D:11)
  11 rime drakes
  3 komodo dragons
  2 polar bears (Lair:5)
  Prince Ribbit (D:9)
  26 blink frogs
  A vampire (D:11)
  Sigmund (D:2)
  3 wyverns
  9 steam dragons
  32 yaks
  5 basilisks
  A warg (Orc:1)
  13 water moccasins
  2 acid dragons
  7 orc warriors
  4 black bears
  6 ice beasts
  2 ogres
  14 wolves
  2 centaurs
  2 phantoms (D:6)
  5 kobold brigands
  11 bullfrogs
  A gnoll sergeant (D:12)
  Blork the orc (D:4)
  12 scorpions
  30 killer bees
  3 electric eels
  5 howler monkeys
  4 centaur zombies (Ossuary)
  3 hounds
  A jelly (D:6)
  3 human zombies (Ossuary)
  4 orc priests
  An iguana (D:3)
  Terence (D:2)
  A scorpion zombie (Ossuary)
  20 orc wizards
  3 mummies (Ossuary)
  Robin (D:3)
  19 adders
  7 gnolls
  2 river rats (D:3)
  A shadow imp (D:6)
  A white imp (D:5)
  An ufetubus (D:5)
  2 worms
  65 orcs
  7 bats
  8 endoplasms
  17 giant cockroaches
  A gnoll zombie (Ossuary)
  16 goblins
  9 hobgoblins
  12 jackals
  5 quokkas
  11 ball pythons
  9 frilled lizards
  2 goblin zombies (Ossuary)
  4 hobgoblin zombies (Ossuary)
  39 kobolds
  3 kobold zombies (Ossuary)
  6 orc zombies (Ossuary)
  8 rats
572 creatures vanquished.

Notes
Turn   | Place    | Note
-------+----------+-------------------------------------------
     0 | D:1      | spardeous the Demigod Conjurer began the quest for the Orb.
     0 | D:1      | Reached XP level 1. HP: 14/14 MP: 5/5
   321 | D:1      | Reached XP level 2. HP: 20/20 MP: 5/7
  1188 | D:2      | Reached XP level 3. HP: 26/26 MP: 5/8
  1245 | D:2      | Noticed Terence
  1329 | D:1      | Learned a level 2 spell: Searing Ray
  1389 | D:2      | Killed Terence
  1390 | D:2      | Reached skill level 5 in Conjurations
  1516 | D:2      | You fall into a shaft and drop 2 floors!
  1706 | D:4      | Noticed Blork the orc
  1712 | D:4      | Killed Blork the orc
  1713 | D:4      | Reached XP level 4. HP: 20/33 MP: 0/11
  1866 | D:4      | Found a staircase to the Ecumenical Temple.
  1947 | D:4      | Reached XP level 5. HP: 17/38 MP: 4/13
  2465 | D:4      | Reached XP level 6. HP: 25/45 MP: 6/16
  2893 | D:4      | Learned a level 4 spell: Iskenderun's Mystic Blast
  3043 | D:3      | Reached skill level 5 in Spellcasting
  3178 | D:3      | Found a glowing drain.
  3195 | Sewer    | Entered a sewer
  4347 | D:3      | Noticed Robin
  4529 | D:3      | Killed Robin
  4626 | D:3      | Reached XP level 7. HP: 50/50 MP: 15/19
  5222 | D:2      | Reached skill level 1 in Translocations
  5287 | D:2      | Noticed Sigmund
  5292 | D:2      | Killed Sigmund
  5659 | D:5      | Entered Level 5 of the Dungeon
  6206 | D:5      | Reached skill level 5 in Translocations
  6206 | D:5      | Reached XP level 8. HP: 49/57 MP: 9/20
  6616 | D:5      | Identified the +1 spear of Noquk {venom, rN+ Int+6 Dex-2}
  7293 | D:5      | Identified a scroll of acquirement
  7294 | D:5      | Acquired the staff of conjuration "Holuomuapp" {rPois MP+9
                  | Str+3}
  8980 | D:7      | Found a sand-covered staircase.
  8996 | D:7      | Reached XP level 9. HP: 61/62 MP: 21/21
  9052 | Ossuary  | Entered an ossuary
 10270 | D:7      | Learned a level 3 spell: Ignite Poison
 10370 | D:8      | Reached skill level 10 in Conjurations
 10370 | D:8      | Reached skill level 1 in Transmutations
 11397 | D:9      | Found Daga's Book Boutique.
 11397 | D:9      | Noticed Prince Ribbit
 11408 | D:9      | Killed Prince Ribbit
 11724 | D:9      | Reached XP level 10. HP: 51/69 MP: 4/24
 12717 | D:10     | Entered Level 10 of the Dungeon
 12865 | D:10     | Found a portal to a secret trove of treasure.
 13656 | D:11     | Noticed a two-headed ogre
 13670 | D:11     | Killed a two-headed ogre
 13671 | D:11     | Reached skill level 10 in Spellcasting
 13816 | D:11     | Noticed a red ugly thing
 13821 | D:11     | Killed a red ugly thing
 13915 | D:11     | Reached XP level 11. HP: 74/74 MP: 17/29
 14285 | D:11     | Found a staircase to the Lair.
 15066 | D:12     | Reached skill level 1 in Fighting
 15256 | D:12     | Identified the +5 dagger of a sewer {heavy, rElec}
 15293 | D:12     | Found a staircase to the Orcish Mines.
 15359 | D:12     | Noticed a boulder beetle
 15884 | D:12     | Killed a boulder beetle
 16466 | D:12     | Noticed a boulder beetle
 16477 | D:12     | Killed a boulder beetle
 16665 | Lair:1   | Entered Level 1 of the Lair of Beasts
 16697 | Lair:1   | You fall into a shaft and drop 1 floor!
 17038 | Lair:2   | Reached skill level 5 in Fighting
 17290 | Lair:1   | Identified the +5 short sword of Dinaco {vamp, Str+5}
 17297 | Lair:1   | Noticed a death yak
 17306 | Lair:1   | Killed a death yak
 17616 | Lair:1   | Reached skill level 10 in Translocations
 17929 | Lair:2   | Reached XP level 12. HP: 95/95 MP: 29/30
 17991 | Lair:2   | Found a staircase to the Swamp.
 19120 | Lair:3   | Reached skill level 1 in Shields
 19352 | Lair:3   | Found a hole to the Spider Nest.
 19728 | Lair:3   | Reached skill level 5 in Transmutations
 20633 | Lair:4   | Reached skill level 5 in Shields
 20634 | Lair:4   | Noticed Urug
 20825 | Lair:4   | Noticed a four-headed hydra
 20826 | Lair:4   | Killed Urug
 21060 | Lair:4   | Killed a four-headed hydra
 21751 | Lair:4   | Found a staircase to the Slime Pits.
 21832 | Lair:5   | Entered Level 5 of the Lair of Beasts
 21839 | Lair:5   | Reached skill level 1 in Armour
 21841 | Lair:5   | Reached XP level 13. HP: 102/104 MP: 21/31
 22048 | Lair:5   | Identified the +6 battleaxe of Zuheroipp {flame, rC+ Str+3}
 22261 | Lair:5   | Reached skill level 5 in Armour
 22632 | Lair:5   | Identified the +8 chain mail "Jinky" {MP-9 Dex+3}
 24887 | Lair:4   | Gained mutation: You are agile. (Dex +4, Str/Int -1)
                  | [potion of mutation]
 24887 | Lair:4   | Gained mutation: You have large cloven feet. [potion of
                  | mutation]
 24887 | Lair:4   | Gained mutation: You sometimes lose your temper in combat.
                  | [potion of mutation]
 24887 | Lair:4   | Gained mutation: You are covered in fur. (AC +1) [potion of
                  | mutation]
 24888 | Lair:4   | Lost mutation: You are covered in fur. (AC +1) [potion of
                  | mutation]
 24888 | Lair:4   | Lost mutation: You have large cloven feet. [potion of
                  | mutation]
 24888 | Lair:4   | Lost mutation: You are agile. (Dex +4, Str/Int -1) [potion
                  | of mutation]
 24888 | Lair:4   | Gained mutation: You are partially covered in iridescent
                  | scales. (AC +2) [potion of mutation]
 24888 | Lair:4   | Gained mutation: You do not regenerate when monsters are
                  | visible. [potion of mutation]
 24888 | Lair:4   | Gained mutation: You have large cloven feet. [potion of
                  | mutation]
 24889 | Lair:4   | Lost mutation: You are partially covered in iridescent
                  | scales. (AC +2) [potion of mutation]
 24889 | Lair:4   | Lost mutation: You do not regenerate when monsters are
                  | visible. [potion of mutation]
 24889 | Lair:4   | Lost mutation: You sometimes lose your temper in combat.
                  | [potion of mutation]
 24889 | Lair:4   | Gained mutation: Your body sometimes deteriorates upon
                  | taking damage. [potion of mutation]
 24889 | Lair:4   | Lost mutation: Your body sometimes deteriorates upon taking
                  | damage. [potion of mutation]
 24889 | Lair:4   | Gained mutation: You have sharp fingernails. [potion of
                  | mutation]
 25034 | Orc:1    | Entered Level 1 of the Orcish Mines
 25050 | Orc:1    | Reached skill level 10 in Armour
 25054 | Orc:1    | Paralysed by an orc sorcerer for 5 turns
 25056 | Orc:1    | Slain by a two-headed ogre

Illustrated notes

Levels and vault maps discovered:
D:1:      amcnicky_arrival_feature_with_door, layout_basic,
          shapermc_ecumenical_altar_gd
D:2:      cheibrodos_old_hovel, layout_rooms, serial_park_tiny_1,
          corexii_corridor_pit, chequers_mini_garden, st_stairs_13,
          uniq_sigmund, uniq_terence
D:3:      minmay_recursive_quarters, layout_basic, lemuel_round_altar,
          xom_confusion_cloud, serial_glass, glass_columns_b, glass_columns_c,
          portal_sewer_entry_e, uniq_robin
D:4:      layout_gridville, lemuel_crystal_altar, temple_green, corner_web_ring,
          uniq_blork_the_orc
D:5:      layout_layer_cave
D:6:      kennysheep_kobold_camp, layout_loops_ring,
          mainiacjoe_overflow_small_starburst,
          nemelex_xobeh_ov_fountains_minmay, okawaru_gym_becter
D:7:      layout_loops_cross, elyvilon_altar_3,
          lightli_ossuary_entry_decrepit_ruins, minmay_misc_feat_square
D:8:      layout_loops_ring
D:9:      layout_basic, led_sif_pool, serial_shops, nicolae_square_shop,
          grunt_ministairs_8, uniq_prince_ribbit1
D:10:     layout_irregular_city, mainiacjoe_overflow_cross_hatched,
          nicolae_trove_entry_isolated
D:11:     layout_loops_ring, hellmonk_lair_entry_icy, corexii_hall_statues_x,
          nicolae_uskayaw_dance_studio
D:12:     layout_loops_corners, david_orc_2
Lair:1:   layout_regular_city
Lair:2:   layout_small_grid, swamp_mist, serial_forest,
          infiniplex_forest_clump_diagonal, infiniplex_forest_zigzag_1,
          infiniplex_forest_clump_medium, infiniplex_forest_straight_4,
          infiniplex_forest_corner_1, infiniplex_forest_end_2,
          infiniplex_forest_lined_4_way, serial_bayou_pond_a, minivault_26,
          cheibrodos_lair_reptile_den
Lair:3:   layout_cave_pods, spider_nest_entry_web_field, serial_bayou_shore_a
Lair:4:   layout_misc_corridors, slime_entry_1, disabler_island, uniq_urug
Lair:5:   grunt_lair_end_beastmaster, layout_hall_layers, minivault_24,
          bobbens_dragon_lair_wall, grunt_megastairs_4
Orc:1:    layout_caves, elf_legates, uniq_fannar, uniq_harold

Skill      XL: |  1  2  3  4  5  6  7  8  9 10 11 12 13 |
---------------+----------------------------------------+-----
Conjurations   | 4 5 8 10 | 10.3
Spellcasting   | 3 4 5 6 7 10 | 10.2
Translocations | 5 6 10 | 10.0
Transmutations | 2 6 |  6.1
Fighting       | 5 6 |  6.7
Shields        | 7 |  7.0
Armour         | 2 10 | 10.0
Dodging        | |  1.7
Stealth        | |  1.7

Action                     |  1- 3 |  4- 6 |  7- 9 | 10-12 | 13-15 || total
---------------------------+-------+-------+-------+-------+-------++-------
  Melee: Unarmed           |     3 |     6 |       |       |       ||     9
         Hand axe          |       |    22 |     2 |       |       ||    24
         Staff             |       |       |    11 |    23 |     3 ||    37
   Cast: Magic Dart        |    87 |    94 |   252 |    35 |       ||   468
         Searing Ray       |     4 |    26 |    72 |    23 |     4 ||   129
         Iskenderun's Myst |       |       |    12 |   259 |   131 ||   402
    Use: Potion            |       |     1 |       |       |     5 ||     6
         Scroll            |       |     3 |     8 |     6 |       ||    17
 Armour: Robe              |    15 |     1 |       |       |       ||    16
         Leather armour    |       |    26 |    38 |       |       ||    64
         Steam dragon scal |       |       |     9 |    43 |    14 ||    66
  Dodge: Dodged            |    69 |    58 |   178 |   187 |    90 ||   582
  Block: Kite shield       |       |    14 |    71 |       |       ||    85
         Buckler           |       |       |     3 |    26 |    20 ||    49
